 Dungeon Sprint DCSS version 0.21-a0-94-gdd6ab6a (webtiles) character file.

2592 poirepourri the Blocker (level 9, -2/64 HPs)
             Began as a Gargoyle Fighter on July 2, 2017.
             Was the Champion of Cheibriados.
             Slain by a shadow wraith (4 damage)
             ... in the Dungeon (Sprint VII: "The Pits").
             The game lasted 00:01:55 (866 turns).

poirepourri the Blocker (Gargoyle Fighter)           Turns: 866, Time: 00:01:55

Health: -2/64      AC: 18    Str: 39    XL:     9   Next: 58%
Magic:  9/9        EV: 13    Int: 26    God:    Cheibriados [******]
Gold:   0          SH: 17    Dex: 27    Spells: 8/8 levels left

rFire    . . .     SeeInvis .   s - +2 flail (crush)
rCold    . . .     Gourm    .   c - +0 shield
rNeg     + . .     Faith    .   w - +4 chain mail
rPois    ∞         Spirit   .   (no helmet)
rElec    +         Reflect  .   (no cloak)
rCorr    .         Harm     .   (no gloves)
MR       .....     NoTele   +   (no boots)
Stlth    ..........             (no amulet)
HPRegen  0.20/turn              d - +3 ring of intelligence
MPRegen  0.11/turn              t - +3 ring of strength

@: slowed, very slow
A: negative energy resistance 1, electricity resistance, unbreathing,
petrification resistance, rot immunity, AC +5
a: Bend Time, Temporal Distortion, Slouch, Step From Time, Renounce Religion


You were in the Dungeon.
You worshipped Cheibriados.
Cheibriados was exalted by your worship.
You were not hungry.

You visited 1 branch

Inventory:

Hand Weapons
 l - a +2 mace
 s - a +2 flail of crushing (weapon)
Armour
 b - a +0 scale mail
 c - a +0 shield (worn)
 r - a +3 chain mail
 w - a +4 chain mail (worn)
Jewellery
 d - a +3 ring of intelligence (left hand)
 t - a +3 ring of strength (right hand)
Scrolls
 k - a scroll of blinking
 m - 3 scrolls of remove curse
 n - 5 scrolls of amnesia
 o - a scroll of summoning
Potions
 a - 2 potions of invisibility
 e - 6 potions of curing
 g - 6 potions of heal wounds
 h - a potion of haste
 i - 4 potions of magic
 j - 8 potions of berserk rage
 u - a potion of brilliance
 v - a potion of resistance
Comestibles
 f - 8 bread rations
 p - 40 fruits
 q - 7 meat rations


   Skills:
 + Level 11.3 Fighting
 + Level 12.9 Maces & Flails
 - Level 3.2 Armour
 + Level 4.0 Dodging
 + Level 14.1 Shields
 + Level 1.0 Invocations


You had 8 spell levels left.
You didn't know any spells.

Dungeon Overview and Level Annotations

Branches:
Dungeon (1/1)

Altars:
Ashenzari
Cheibriados
Dithmenos
Elyvilon
Fedhas
Gozag
Hepliaklqana
Kikubaaqudgha
Makhleb
Nemelex Xobeh
Okawaru
Qazlal
Ru
Sif Muna
Trog
Uskayaw
Vehumet
Wu Jian
Xom
Yredelemnul
Zin
The Shining One
Beogh
Jiyva
Lugonu


Innate Abilities, Weirdness & Mutations

You are resistant to torment.
Your stone body is resilient. (AC +5)
You are immune to poison.
You resist negative energy. (rN+)
You are resistant to electric shocks. (rElec)
You can survive without breathing.
You are immune to petrification.
You are immune to rotting.


Message History

Your Shields skill increases to level 14!
Your Invocations skill increases to level 1!
Deactivating autopickup; reactivate with Ctrl-A.
You barely miss something. Something hits you but does no damage.
You closely miss something. Something hits you!
You start resting.
Something hits you but does no damage.
You start resting.
Something hits you. Something drains your vigour!
You feel yourself slow down.
You start resting.
Something hits you.
You start resting.
Something hits you but does no damage. Something hits you!
* * * LOW HITPOINT WARNING * * *
Something drains your vigour!
You feel as though you will be slow longer.
There is a strange disturbance nearby!
Something hits you!
* * * LOW HITPOINT WARNING * * *
Something drains your vigour!
You feel as though you will be slow longer.
Something hits you.
You die...

.....##..####.....#
.....##...##......# #
#######....)).....+ .+
#######...##[.....# ..#
#...[##..####.....##.##
#..[[##..##.##...##...##
'..))##..##..##.##.....#
#..))##..# #..#)#.......
#..))##..# #..{@..#
########## ########


There were no monsters in sight!

Vanquished Creatures
  A gargoyle (D)
  A black mamba (D)
  An efreet (D)
  A freezing wraith (D)
  A redback (D)
  A wyvern (D)
  2 tarantellas (D)
  A basilisk (D)
  A floating eye (D)
  2 sky beasts (D)
  A big kobold (D)
  A gnoll sergeant (D)
  A crimson imp (D)
  A jelly (D)
  2 orc priests (D)
  2 worker ants (D)
  2 hell rats (D)
  5 gnolls (D)
  An adder (D)
  A river rat (D)
  An ooze (D)
  An adder skeleton (D)
  An adder zombie (D)
  3 orcs (D)
  A hobgoblin (D)
  2 quokkas (D)
  2 bats (D)
  2 frilled lizards (D)
42 creatures vanquished.

Notes
Turn   | Place    | Note
-------+----------+-------------------------------------------
     0 | D        | poirepourri the Gargoyle Fighter began the quest for the Orb.
     0 | D        | Reached XP level 1. HP: 14/14 MP: 1/1
    13 | D        | Noticed a floating eye
    17 | D        | Paralysed by a floating eye for 3 turns
    20 | D        | Killed a floating eye
    20 | D        | Reached skill level 7 in Shields
    20 | D        | Reached XP level 2. HP: 24/24 MP: 2/2
    20 | D        | Reached XP level 3. HP: 28/28 MP: 3/3
    20 | D        | Reached XP level 4. HP: 34/34 MP: 4/4
    51 | D        | Found a bloodstained altar of Trog.
    51 | D        | Found a deep blue altar of Sif Muna.
    51 | D        | Found a viscous altar of Jiyva.
    51 | D        | Found a hazy altar of Hepliaklqana.
    51 | D        | Found an opulent altar of Gozag.
    52 | D        | Found a glowing golden altar of the Shining One.
    52 | D        | Found a glowing silver altar of Zin.
    52 | D        | Found a basalt altar of Yredelemnul.
    52 | D        | Found a shimmering altar of Xom.
    52 | D        | Found an ornate altar of the Wu Jian Council.
    52 | D        | Found a sacrificial altar of Ru.
    52 | D        | Found a stormy altar of Qazlal.
    52 | D        | Found an iron altar of Okawaru.
    52 | D        | Found a sparkling altar of Nemelex Xobeh.
    52 | D        | Found a burning altar of Makhleb.
    52 | D        | Found a blossoming altar of Fedhas.
    52 | D        | Found a white marble altar of Elyvilon.
    52 | D        | Found a shadowy altar of Dithmenos.
    52 | D        | Found a snail-covered altar of Cheibriados.
    56 | D        | Found a roughly hewn altar of Beogh.
    56 | D        | Found a corrupted altar of Lugonu.
    56 | D        | Found a radiant altar of Vehumet.
    57 | D        | Found a shattered altar of Ashenzari.
    57 | D        | Found an ancient bone altar of Kikubaaqudgha.
    57 | D        | Found a hide-covered altar of Uskayaw.
    67 | D        | Became a worshipper of Cheibriados the Contemplative
    93 | D        | Reached XP level 5. HP: 34/39 MP: 5/5
    96 | D        | Reached * piety under Cheibriados
   163 | D        | Reached ** piety under Cheibriados
   259 | D        | Noticed a sky beast
   260 | D        | Noticed a big kobold
   261 | D        | Reached *** piety under Cheibriados
   278 | D        | Killed a sky beast
   278 | D        | Reached skill level 8 in Shields
   278 | D        | Reached XP level 6. HP: 38/45 MP: 6/6
   280 | D        | Reached skill level 1 in Dodging
   280 | D        | Reached skill level 9 in Shields
   286 | D        | Reached **** piety under Cheibriados
   406 | D        | Reached ***** piety under Cheibriados
   409 | D        | Noticed a wyvern
   416 | D        | Killed a wyvern
   416 | D        | Reached skill level 10 in Shields
   416 | D        | Reached XP level 7. HP: 40/52 MP: 7/7
   436 | D        | Noticed an efreet
   444 | D        | Reached ****** piety under Cheibriados
   456 | D        | Killed an efreet
   456 | D        | Reached skill level 10 in Fighting
   456 | D        | Reached skill level 10 in Maces & Flails
   456 | D        | Reached skill level 11 in Shields
   456 | D        | Reached XP level 8. HP: 32/57 MP: 8/8
   584 | D        | Noticed a redback
   595 | D        | Reached skill level 12 in Shields
   599 | D        | Killed a redback
   624 | D        | Noticed a black mamba
   624 | D        | Noticed a tarantella
   624 | D        | Noticed a freezing wraith
   630 | D        | Killed a black mamba
   630 | D        | Reached skill level 13 in Shields
   634 | D        | Reached XP level 9. HP: 52/63 MP: 9/9
   641 | D        | Killed a freezing wraith
   846 | D        | Noticed a gargoyle
   855 | D        | Killed a gargoyle
   859 | D        | Reached skill level 14 in Shields
   859 | D        | Reached skill level 1 in Invocations
   866 | D        | HP: 2/64 [something (16)]
   866 | D        | Slain by a shadow wraith

Vault maps used:
D:        pitsprint

Skill      XL: |  1  2  3  4  5  6  7  8  9 |
---------------+----------------------------+-----
Fighting       | 7 8 9 10 11 | 11.3
Maces & Flails | 3 4 6 8 10 11 12 | 12.9
Shields        | 7 8 10 11 13 14 | 14.1
Dodging        | 2 3 4 |  4.0
Invocations    | 1 |  1.0
Armour         | |  3.2

Action                   |  1- 3 |  4- 6 |  7- 9 || total
-------------------------+-------+-------+-------++-------
Melee: Flail             |     4 |    37 |    68 ||   109
       Mace              |       |    42 |       ||    42
Invok: Slouch            |       |       |     1 ||     1
  Use: Potion            |       |       |     3 ||     3
Armor: Scale mail        |       |    12 |       ||    12
       Chain mail        |       |    23 |    25 ||    48
Dodge: Dodged            |       |    18 |    32 ||    50
Block: Shield            |       |    50 |    64 ||   114
